 Dungeon Crawl Stone Soup version 0.31.0-11-ge490571c62 (webtiles) character file.

Game seed: 6858202731910098776

22 SnakkuSnakku7 the Magician (level 2, 0/24 HPs)
             Began as an Armataur Hedge Wizard on Jan 27, 2024.
             Slain by a gnoll
             ... wielding a +0 flail of protection
              (3 damage)
             ... on level 1 of the Dungeon.
             The game lasted 00:01:12 (688 turns).

SnakkuSnakku7 the Magician (Armataur Hedge Wizard)   Turns: 688, Time: 00:01:13

Health: 0/24       AC:  4    Str: 21    XL:     2   Next: 68%
Magic:  5/5        EV:  9    Int: 14    God:
Gold:   8          SH:  0    Dex:  9    Spells: 5/6 levels left

rFire   . . .        l - +0 spear
rCold   . . .        (no shield)
rNeg    . . .        b - +0 robe
rPois   .            c - +0 hat
rElec   .            (no cloak)
rCorr   .            (no gloves)
SInv    .            (no barding)
Will    +....        i - amulet of regeneration
Stlth   ++           f - ring of willpower
HPRegen 1.04/turn    m - +6 ring of strength
MPRegen 0.75/turn

%: roll
@: mighty
A: large, deformed body, tough skin 3, armoured tail, roll 1
a: no special abilities


You were on level 1 of the Dungeon.
You visited 1 branch of the dungeon, and saw 1 of its levels.

You collected 8 gold pieces.

Inventory:

Hand Weapons
 a - a +0 dagger
 l - a +0 spear (weapon)
Armour
 b - a +0 robe (worn)
 c - a +0 hat (worn)
Jewellery
 f - a ring of willpower (left hand)
 i - an amulet of regeneration (around neck)
 m - a +6 ring of strength (right hand)
Scrolls
 h - a scroll of enchant weapon {unknown}
 k - a scroll of identify {unknown}
Potions
 d - a potion of magic
 e - 2 potions of might
 g - a potion of lignification {unknown}
 j - a potion of curing {unknown}


   Skills:
 + Level 2.2 Fighting
 - Level 1.3 Dodging
 - Level 2.1 Stealth
 - Level 2.6 Spellcasting
 - Level 0.8 Conjurations
 - Level 0.7 Summonings
 - Level 1.0 Translocations


You had 5 spell levels left.
You knew the following spells:

 Your Spells              Type           Power      Damage    Failure   Level
a - Magic Dart            Conj           16%        1d3       16%         1

Your spell library contained the following spells:

 Spells                   Type           Power      Damage    Failure   Level
 Slow                     Hex            4%         N/A       22%         1
 Blink                    Tloc           8%         N/A       22%         2
 Call Imp                 Summ           6%         N/A       26%         2
 Cigotuvi's Dreadful Rot  Necr/Alch/Air  2%         N/A       32%         2
 Mephitic Cloud           Conj/Alch/Air  2%         N/A       52%         3
 Confusing Touch          Hex            1%         N/A       54%         3
 Sigil of Binding         Hex            1%         N/A       54%         3
 Vampiric Draining        Necr           1%         2d6       54%         3


Dungeon Overview and Level Annotations

Branches:
Dungeon (1/15)

Altars:


Innate Abilities, Weirdness & Mutations

Armour fits poorly on your strangely shaped body.
You have extremely tough skin. (AC +3)
You have a long armoured tail.
You regenerate magic when rolling toward enemies. (Rampage MPRegen)


Message History

You barely miss the frilled lizard. The frilled lizard bites you.
You puncture the frilled lizard!
You kill the frilled lizard!
A quokka comes into view.
A quokka is nearby!
You roll towards the quokka!
You roll towards the quokka!
A gnoll comes into view.
It is wielding a +0 flail of protection.
The gnoll shouts!
The quokka bites you. The quokka closely misses you.
You hit the quokka but do no damage. The quokka bites you.
You hit the quokka.
You kill the quokka!
You aren't carrying any items that you can evoke.
Unknown command.
It was a potion of might.
You feel very mighty all of a sudden.
The gnoll hits you with a +0 flail of protection.
You closely miss the gnoll. The gnoll barely misses you.
You hit the gnoll but do no damage.
The gnoll hits you with a +0 flail of protection.
You barely miss the gnoll.
Your tail-slap misses the gnoll.
The gnoll hits you with a +0 flail of protection.
You barely miss the gnoll.
Your tail-slap misses the gnoll.
The gnoll hits you with a +0 flail of protection.
You puncture the gnoll!
The gnoll is heavily wounded.
The gnoll hits you with a +0 flail of protection.
* * * LOW HITPOINT WARNING * * *
You hit the gnoll.
The gnoll is almost dead.
The gnoll barely misses you.
You hit the gnoll but do no damage.
The gnoll is almost dead.
The gnoll hits you with a +0 flail of protection.
* * * LOW HITPOINT WARNING * * *
You barely miss the gnoll.
The gnoll is almost dead.
The gnoll hits you with a +0 flail of protection.
You die...

##### #.#.# ######.#.# .........#
#.####.#.# #....#.# #############
#.##.#.# #...........#
#.##.#.####...........#
#.#...........@g†.....#
#.####.##########...### #....#.#
..#
####.#.########################
#.#.##......................
#.####.#.##.#####################
#...........##################...
#######.>........................
#...#####.....#########....


You could see a gnoll.

Vanquished Creatures
  2 dart slugs (D:1)
  3 bats (D:1)
  2 endoplasms (D:1)
  A goblin (D:1)
  3 quokkas (D:1)
  2 ball pythons (D:1)
  A frilled lizard (D:1)
  A kobold (D:1)
  3 rats (D:1)
18 creatures vanquished.

Notes
Turn   | Place    | Note
-------+----------+-------------------------------------------
     0 | D:1      | SnakkuSnakku7 the Armataur Hedge Wizard began the quest for
                  | the Orb.
     0 | D:1      | Reached XP level 1. HP: 14/14 MP: 4/4
   111 | D:1      | Reached skill level 1 in Fighting
   195 | D:1      | Reached XP level 2. HP: 21/23 MP: 5/5
   688 | D:1      | Slain by a gnoll

Illustrated notes

Levels and vault maps discovered:
D:1:      lemuel_arrival_funnel, layout_basic

Skill      XL: |  1  2 |
---------------+-------+-----
Fighting       | 1 2 |  2.2
Dodging        | |  1.3
Stealth        | |  2.1
Spellcasting   | |  2.6
Conjurations   | |  0.8
Summonings     | |  0.7
Translocations | |  1.0

Action                     || total
---------------------------++-------
  Melee: Dagger            ||    62
         Tailslap          ||     8
         Spear             ||    25
    Use: Potion            ||     1
   Stab: Sleeping          ||     1
 Armour: Robe              ||    74
  Dodge: Dodged            ||    41
